 Dungeon Crawl Stone Soup version 0.19.1 (webtiles) character file.

16 empire the Conjurer (level 2, -2/17 HPs)
             Began as an Octopode Conjurer on Dec 19, 2016.
             Slain by a hobgoblin (3 damage)
             ... on level 1 of the Dungeon.
             The game lasted 00:01:16 (512 turns).

empire the Conjurer (Octopode Conjurer)              Turns: 512, Time: 00:01:17

Health: -2/17      AC:  1    Str:  7    XL:     2   Next: 54%
Magic:  0/5        EV: 13    Int: 17    God:
Gold:   52         SH:  0    Dex: 12    Spells: 1 memorised, 5 levels left

rFire  . . .     SeeInvis .     b - -3 short sword (curse)
rCold  . . .     Gourm    .     (no shield)
rNeg   . . .     Faith    .     (helmet restricted)
rPois  .         Spirit   .     (no amulet)
rElec  .         Reflect  .     (no ring)
rCorr  .         Harm     .     (no ring)
MR     .....                    (no ring)
Stlth  +++.......               (no ring)
                                (no ring)
                                (no ring)
                                (no ring)
                                (no ring)

@: no status effects
A: almost no armour, stealthy swim, amphibious, 8 rings, constrict 8, camouflage
1, gelatinous body 1
a: no special abilities


You were on level 1 of the Dungeon.
You were not hungry.

You visited 1 branch of the dungeon, and saw 1 of its levels.

You collected 52 gold pieces.

Inventory:

Hand Weapons
 a - a +0 mace
 b - a cursed -3 short sword (weapon)
Missiles
 d - 17 bolts
Scrolls
 i - a scroll of fear
Potions
 c - a potion of degeneration {unknown}
 f - 4 potions of flight {unknown}
 h - a potion of lignification {unknown}
Books
 e - a book of Conjurations

   Spells                             Type                      Level
   a - Magic Dart                     Conjuration                  1
   b - Searing Ray                    Conjuration                  2
   c - Dazzling Spray                 Conjuration/Hexes            3
   d - Fulminant Prism                Conjuration/Hexes            4
   e - Iskenderun's Mystic Blast      Conjuration                  4
   f - Iskenderun's Battlesphere      Conjuration/Charms           5
Comestibles
 g - a bread ration


   Skills:
 - Level 2.0 Dodging
 + Level 3.3 Stealth
 + Level 2.5 Spellcasting
 + Level 4.0 Conjurations


You had 5 spell levels left.
You knew the following spells:

 Your Spells              Type           Power        Failure   Level  Hunger
a - Magic Dart            Conj           ###.         3%          1    #......


Dungeon Overview and Level Annotations

Branches:
Dungeon (1/15)

Altars:


Innate Abilities, Weirdness & Mutations

You cannot wear most types of armour.
You are very stealthy in the water. (Stealth+)
You are amphibious.
You can wear up to eight rings at the same time.
You can use your tentacles to constrict eight enemies at once.
Your skin changes colour to match your surroundings (Stealth+).
Your rubbery body absorbs attacks. (AC +1, EV +1)


Message History

Press: ? - help, Shift-Dir - straight line, f/p - dart slug
Aim: a dart slug (heavily wounded, clinging)
The magic dart hits the dart slug.
You kill the dart slug!
Casting: Magic Dart
Confirm with . or Enter, or press ? or * to list all spells.
Aiming: Magic Dart
Press: ? - help, Shift-Dir - straight line, f - rat
Aim: a rat The magic dart hits the rat.
You kill the rat!
Casting: Magic Dart
Confirm with . or Enter, or press ? or * to list all spells.
Aiming: Magic Dart
Press: ? - help, Shift-Dir - straight line, f - hobgoblin
Aim: a hobgoblin The magic dart hits the hobgoblin.
The hobgoblin is heavily wounded.
The hobgoblin hits you.
You die...

.....#..###.####........#
.....##...........#..#.##
..........##......#..#.#
###...#...........#..#.#
......#...........#....
......#...)............
.[....#.......###......#
....###.......######.##
....# #.........@g.#.# ..
....#
#.......####K#.###..b.
#####
#.......#.............
####.#..####.#.###...
#.#... .?.#.#
#.#.......#.# #.......#.#
#.....[.#.# .......#.#


You could see a hobgoblin and a kobold.

Vanquished Creatures
  A dart slug (D:1)
  2 bats (D:1)
  A giant cockroach (D:1)
  2 goblins (D:1)
  A hobgoblin (D:1)
  3 kobolds (D:1)
  2 rats (D:1)
12 creatures vanquished.

Notes
Turn   | Place    | Note
-------+----------+-------------------------------------------
     0 | D:1      | empire the Octopode Conjurer began the quest for the Orb.
     0 | D:1      | Reached XP level 1. HP: 11/11 MP: 3/3
   176 | D:1      | Reached XP level 2. HP: 6/17 MP: 5/5
   512 | D:1      | Slain by a hobgoblin

Skill      XL: |  1 |
---------------+----+-----
Stealth        | 3 |  3.3
Dodging        | |  2.0
Spellcasting   | |  2.5
Conjurations   | |  4.0

Action                   || total
-------------------------++-------
Melee: Short sword       ||    18
       Constrict         ||     8
       Mace              ||     4
       Tentacles         ||     3
 Cast: Magic Dart        ||     8
  Use: Scroll            ||     1
 Stab: Sleeping          ||     2
Armor: Skin              ||     3
Dodge: Dodged            ||    19
